 Dungeon Crawl Stone Soup version 0.31.0-11-ge490571c62 (webtiles) character file.

Game seed: 3607225342257672591

44 Gadfly the Insei (level 3, -3/29 HPs)
             Began as a Demonspawn Monk on Feb 5, 2024.
             Slain by Robin
             ... wielding a +2 dagger of venom
              (4 damage)
             ... on level 2 of the Dungeon.
             The game lasted 00:01:31 (1269 turns).

Gadfly the Insei (Demonspawn Monk)                  Turns: 1269, Time: 00:01:35

Health: -3/29      AC:  3    Str: 19    XL:     3   Next: 39%
Magic:  3/3        EV: 13    Int: 10    God:
Gold:   32         SH:  4    Dex: 15    Spells: 2/2 levels left

rFire   . .          .
                       - Unarmed
rCold   . . .        c - orb {light}
rNeg    . . .        a - +0 robe
rPois   .            (no helmet)
rElec   .            (no cloak)
rCorr   .            (no gloves)
SInv    .            j - +0 pair of boots
Will    .....        (no amulet)
Stlth   +            h - +6 ring of strength
HPRegen 0.24/turn    (no ring)
MPRegen 0.08/turn

%: no passive effects
@: lethally poisoned (-3 -> -16), glowing
A: large bone plates 1, weakness stinger 1
a: no special abilities


You were on level 2 of the Dungeon.
You visited 1 branch of the dungeon, and saw 2 of its levels.

You collected 32 gold pieces.

Inventory:

Armour
 a - a +0 robe (worn)
 c - an orb of light (worn)
 j - a +0 pair of boots (worn)
Jewellery
 h - a +6 ring of strength (left hand)
Scrolls
 d - a scroll of teleportation
 i - a scroll of enchant armour {unknown}
Potions
 b - a potion of ambrosia
 e - a potion of degeneration {unknown}
 f - 2 potions of attraction {unknown}
 g - a potion of heal wounds {unknown}


   Skills:
 - Level 3.0 Fighting
 + Level 2.9 Dodging
 * Level 3.2 Unarmed Combat
 * Level 1.2 Evocations
 * Level 1.1 Shapeshifting


You had 2 spell levels left.
You didn't know any spells.
Your spell library was empty.

Dungeon Overview and Level Annotations

Branches:
Dungeon (2/15)

Altars:

Annotations:
D:2 Robin


Innate Abilities, Weirdness & Mutations

You are partially covered in large bone plates. (SH +4)
You have a small tail.


Message History

Robin hits you with a +2 dagger of venom.
You are lethally poisoned!
You are too injured to fight recklessly!
You are too injured to fight recklessly!
You are too injured to fight recklessly!
You are too injured to fight recklessly!
You are too injured to fight recklessly!
You are too injured to fight recklessly!
You are too injured to fight recklessly!
You are too injured to fight recklessly!
You are too injured to fight recklessly!
You are too injured to fight recklessly!
You are too injured to fight recklessly!
You are too injured to fight recklessly!
You are too injured to fight recklessly!
You are too injured to fight recklessly!
You are too injured to fight recklessly!
You are too injured to fight recklessly!
You are too injured to fight recklessly!
You are too injured to fight recklessly!
You hit Robin but do no damage.
Robin is lightly wounded.
You feel very sick.
A goblin comes into view. It is wielding a +0 club.
Robin hits you with a +2 dagger of venom.
You are more poisoned.
Unknown command.
You punch Robin! You tail-slap Robin, but do no damage.
Robin is severely wounded.
* * * LOW HITPOINT WARNING * * *
You feel very sick. Robin closely misses you.
You hit Robin but do no damage.
Robin is severely wounded.
* * * LOW HITPOINT WARNING * * *
You feel very sick.
A goblin comes into view. It is wielding a +0 club.
Robin hits you with a +2 dagger of venom.
You die...
Robin says, "And that's why I'm the boss."

##..........#####.
#...........+.....
#...........#####.
#)................
#)##########......
#)# #...... #.#
#...... ##.#
#...... #.@#
#...... #g##
##+#### #g# #g#
#g# #g# #g# #g#
#.....+


You could see Robin, 2 hobgoblins and 4 goblins.

Vanquished Creatures
  An adder (D:2)
  4 bats
  2 endoplasms (D:1)
  3 giant cockroaches (D:1)
  6 goblins
  2 hobgoblins (D:2)
  A kobold (D:1)
  2 quokkas (D:1)
  3 ball pythons (D:1)
  8 rats (D:1)
32 creatures vanquished.

Notes
Turn   | Place    | Note
-------+----------+-------------------------------------------
     0 | D:1      | Gadfly the Demonspawn Monk began the quest for the Orb.
     0 | D:1      | Reached XP level 1. HP: 18/18 MP: 1/1
    53 | D:1      | Found a faded altar of an unknown god.
   169 | D:1      | Gained mutation: You are partially covered in large bone
                  | plates. (SH +4) [demonic ancestry]
   169 | D:1      | Reached XP level 2. HP: 24/24 MP: 2/2
   743 | D:1      | Reached skill level 1 in Evocations
  1011 | D:2      | Reached skill level 1 in Shapeshifting
  1011 | D:2      | Gained mutation: You have a small tail. [demonic ancestry]
  1011 | D:2      | Reached XP level 3. HP: 19/29 MP: 3/3
  1259 | D:2      | Noticed Robin
  1269 | D:2      | HP: 1/29 [poisoned by Robin]
  1269 | D:2      | Slain by Robin

Illustrated notes

Levels and vault maps discovered:
D:1:      dpeg_arrival_erosion, layout_loops_ring,
          nicolae_ecumenical_lake_church, nicolae_titane
D:2:      layout_basic, serial_curves, eino_curves_02, eino_curves_02,
          uniq_robin, uniq_natasha

Skill      XL: |  1  2 |
---------------+-------+-----
Unarmed Combat | 3 |  3.2
Evocations     | 1 |  1.2
Shapeshifting  | 1 |  1.1
Fighting       | |  3.0
Dodging        | |  2.9

Action                     || total
---------------------------++-------
  Melee: Unarmed           ||    83
         Tailslap          ||     4
    Use: Scroll            ||     3
 Armour: Robe              ||    42
  Dodge: Dodged            ||    55
